[Event "FEDA International Scheveningen 2020"]
[Site "La Palma"]
[Date "2020.11.30"]
[Round "1.5"]
[White "Edouard, Romain"]
[Black "Anton Guijarro, David"]
[Result "1/2-1/2"]
[ECO "E21"]
[WhiteElo "2640"]
[BlackElo "2675"]
[Annotator "RC"]
[PlyCount "71"]
[EventDate "2020.11.29"]
[EventType "schev"]
[EventCountry "ESP"]
[SourceTitle "playchess.com"]
[Source "ChessBase"]
[SourceQuality "1"]
[TimeControl "40/5400+30:1800+30"]

1. d4 Nf6 2. c4 e6 3. Nc3 Bb4 4. Nf3 d5 5. cxd5 exd5 6. Bg5 h6 7. Bh4 O-O 8. e3 Bf5 9. Ne5 Qd6 10. Bxf6 Qxf6 11. Bd3 Bxd3 12. Qxd3 c6 13. O-O Rd8 14. a3 Bd6 15. f4 Nd7 16. b4 Qe6 17. Rae1 Nf6 18. Qc2 a5 19. Qb3 axb4 20. axb4 Qe7 21. Rb1 Ra7 22. b5 Ra3 23. Qb2 Rda8 24. bxc6 bxc6 25. Rfe1 Qe6 26. Ra1 Qf5 27. Rxa3 Rxa3 28. h3 Ne4 29. g4 Qe6 30. Nxe4 dxe4 31. Nxc6 Ra2 32. Qc3 h5 33. Ra1 hxg4 34. Rxa2 Qxa2 35. hxg4 Qe2 36. Ne5 1/2-1/2